[ PARTIDA AOE2 · #495825320 ]
UnrankedCeltas vs Vikings
Equipo del jugador · DERR
Equipo rival · VICT
[ ANÁLISIS DE REPETICIÓN · EXTRAÍDO DE LA PARTIDA GRABADA ]
Feudal
9:43
Castillos
21:15
Imperial
36:10
| APM promedio | 85.1 |
| APM pico | 192 |
| eAPM promedio | 50.5 |
| Aldeanos / militares | 217 / 336 |
Foco
⚔️ 50.8% · 🌾 49.2%
Woad Raider ×155 · Scorpion ×72 · Archer ×53 · Mangonel ×24 · Trebuchet (Packed) ×21 · Militia ×9
Feudal
9:19
Castillos
20:39
Imperial
34:43
| APM promedio | 42.6 |
| APM pico | 99 |
| eAPM promedio | 24.7 |
| Aldeanos / militares | 186 / 331 |
Foco
⚔️ 39.7% · 🌾 60.3%
Militia ×131 · Archer ×113 · Berserk ×64 · Battering Ram ×12 · Monk ×5 · Trebuchet (Packed) ×5
Mapa de la partida
Recursos iniciales + cada clic de construcción. Líneas = muros · curvas = relieve. ◆ oro · ⬟ piedra · ● bayas · ✦ reliquia · ◌ hueco del cierre
Tu base· ✓ Cerrada en 21:15 · 81t muro · sin puerta
Base de Maverick_Taha· ✓ Cerrada en 20:39 · 36t muro · sin puerta
Terreno inicial suavizado · ◌ = hueco del cierre detectado · pasá el cursor para detalles
Inputs por minuto
— CL | Inkisidor_ - - Maverick_Taha
Build order — CL | Inkisidor_
Primeras 150 de 906 acciones detectadas
| 0:00 | Crear | Villager (Male) |
| 0:00 | Crear | Villager (Male) |
| 0:01 | Crear | Villager (Male) |
| 0:01 | Crear | Villager (Male) |
| 0:02 | Construir | House |
| 0:02 | Construir | House |
| 1:24 | Crear | Villager (Male) |
| 1:45 | Construir | Lumber Camp |
| 2:03 | Crear | Villager (Male) |
| 2:03 | Crear | Villager (Male) |
| 2:15 | Crear | Villager (Male) |
| 2:49 | Crear | Villager (Male) |
| 3:05 | Crear | Villager (Male) |
| 3:05 | Crear | Villager (Male) |
| 3:40 | Crear | Villager (Male) |
| 4:04 | Construir | House |
| 4:07 | Crear | Villager (Male) |
| 4:07 | Crear | Villager (Male) |
| 4:07 | Crear | Villager (Male) |
| 4:23 | Crear | Villager (Male) |
| 4:47 | Crear | Villager (Male) |
| 5:20 | Crear | Villager (Male) |
| 5:21 | Construir | House |
| 5:26 | Construir | Barracks |
| 5:27 | Crear | Villager (Male) |
| 5:38 | Crear | Villager (Male) |
| 5:58 | Construir | House |
| 6:16 | Crear | Villager (Male) |
| 6:36 | Construir | Mill |
| 6:56 | Investigar | Loom |
| 7:33 | Investigar | Feudal Age |
| 7:33 | Investigar | Feudal Age |
| 7:33 | Investigar | Feudal Age |
| 7:36 | Construir | Mining Camp |
| 7:39 | Crear | Militia |
| 7:39 | Crear | Militia |
| 7:39 | Crear | Militia |
| 7:53 | Crear | Militia |
| 7:54 | Crear | Militia |
| 8:19 | Crear | Militia |
| 8:19 | Crear | Militia |
| 8:20 | Crear | Militia |
| 8:21 | Crear | Villager (Male) |
| 8:38 | Construir | Mill |
| 9:04 | Crear | Villager (Male) |
| 9:17 | Crear | Militia |
| 9:33 | Crear | Villager (Male) |
| 9:38 | Construir | Farm |
| 9:41 | Construir | Farm |
| 9:43 | Edad | Edad Feudal |
| 9:47 | Investigar | Man-at-Arms (upgrade) |
| 10:04 | Crear | Villager (Male) |
| 10:19 | Construir | Archery Range |
| 10:34 | Crear | Villager (Male) |
| 10:39 | Construir | Farm |
| 10:40 | Investigar | Double-Bit Axe |
| 10:40 | Investigar | Double-Bit Axe |
| 10:43 | Crear | Villager (Male) |
| 10:48 | Investigar | Double-Bit Axe |
| 10:48 | Investigar | Double-Bit Axe |
| 10:48 | Investigar | Double-Bit Axe |
| 10:48 | Investigar | Double-Bit Axe |
| 10:50 | Crear | Villager (Male) |
| 10:58 | Investigar | Arson |
| 10:58 | Investigar | Arson |
| 10:59 | Crear | Villager (Male) |
| 11:07 | Construir | House |
| 11:10 | Construir | House |
| 11:30 | Crear | Villager (Male) |
| 11:30 | Crear | Villager (Male) |
| 11:30 | Crear | Villager (Male) |
| 11:31 | Crear | Villager (Male) |
| 11:31 | Crear | Villager (Male) |
| 11:32 | Construir | Farm |
| 11:34 | Crear | Archer |
| 11:35 | Crear | Villager (Male) |
| 11:45 | Construir | Farm |
| 11:50 | Crear | Archer |
| 11:54 | Construir | Palisade Wall |
| 11:58 | Construir | House |
| 12:07 | Construir | Farm |
| 12:15 | Construir | Farm |
| 12:16 | Crear | Villager (Male) |
| 12:30 | Crear | Villager (Male) |
| 12:37 | Crear | Villager (Male) |
| 12:42 | Crear | Villager (Male) |
| 12:50 | Construir | Blacksmith |
| 12:55 | Crear | Villager (Male) |
| 13:01 | Crear | Archer |
| 13:10 | Crear | Villager (Male) |
| 13:12 | Construir | House |
| 13:15 | Construir | Palisade Wall |
| 13:16 | Construir | Palisade Wall |
| 13:31 | Investigar | Horse Collar |
| 13:31 | Investigar | Horse Collar |
| 13:31 | Investigar | Horse Collar |
| 13:31 | Crear | Villager (Male) |
| 13:49 | Investigar | Fletching |
| 13:49 | Crear | Villager (Male) |
| 14:01 | Crear | Villager (Male) |
| 14:19 | Crear | Villager (Male) |
| 14:23 | Crear | Villager (Male) |
| 14:25 | Construir | House |
| 14:25 | Construir | Palisade Wall |
| 14:26 | Construir | Palisade Wall |
| 14:29 | Construir | Palisade Wall |
| 14:30 | Crear | Villager (Male) |
| 14:33 | Crear | Villager (Male) |
| 14:36 | Crear | Archer |
| 14:40 | Crear | Villager (Male) |
| 14:45 | Construir | House |
| 14:49 | Construir | Palisade Wall |
| 14:50 | Crear | Villager (Male) |
| 14:52 | Construir | Farm |
| 14:54 | Crear | Villager (Male) |
| 14:56 | Crear | Archer |
| 15:02 | Crear | Archer |
| 15:06 | Crear | Villager (Male) |
| 15:09 | Construir | Farm |
| 15:14 | Crear | Archer |
| 15:22 | Crear | Villager (Male) |
| 15:26 | Construir | Farm |
| 15:28 | Crear | Archer |
| 15:35 | Crear | Villager (Male) |
| 15:38 | Crear | Villager (Male) |
| 15:43 | Crear | Villager (Male) |
| 15:44 | Crear | Archer |
| 15:53 | Construir | Farm |
| 15:55 | Construir | Farm |
| 16:00 | Construir | Farm |
| 16:05 | Construir | Farm |
| 16:07 | Crear | Villager (Male) |
| 16:15 | Crear | Archer |
| 16:17 | Crear | Villager (Male) |
| 16:28 | Construir | Farm |
| 16:35 | Crear | Archer |
| 16:36 | Crear | Villager (Male) |
| 16:42 | Construir | Palisade Wall |
| 16:44 | Construir | Palisade Wall |
| 16:45 | Crear | Villager (Male) |
| 16:50 | Crear | Archer |
| 16:59 | Construir | Farm |
| 17:02 | Construir | Farm |
| 17:05 | Construir | Farm |
| 17:07 | Crear | Villager (Male) |
| 17:15 | Construir | Palisade Wall |
| 17:18 | Crear | Archer |
| 17:26 | Crear | Villager (Male) |
| 17:30 | Construir | Farm |
| 17:42 | Construir | Palisade Wall |
Build order — Maverick_Taha
Primeras 150 de 561 acciones detectadas
| 0:00 | Crear | Villager (Male) |
| 0:01 | Crear | Villager (Male) |
| 0:01 | Crear | Villager (Male) |
| 0:02 | Construir | House |
| 0:03 | Construir | House |
| 0:16 | Crear | Villager (Male) |
| 0:16 | Crear | Villager (Male) |
| 1:26 | Crear | Villager (Male) |
| 1:27 | Crear | Villager (Male) |
| 1:41 | Construir | Mill |
| 2:04 | Crear | Villager (Male) |
| 2:04 | Crear | Villager (Male) |
| 2:22 | Crear | Villager (Male) |
| 2:22 | Crear | Villager (Male) |
| 2:55 | Crear | Villager (Male) |
| 2:55 | Crear | Villager (Male) |
| 3:14 | Crear | Villager (Male) |
| 3:14 | Crear | Villager (Male) |
| 3:29 | Construir | House |
| 3:46 | Crear | Villager (Male) |
| 3:46 | Crear | Villager (Male) |
| 4:11 | Crear | Villager (Male) |
| 4:11 | Crear | Villager (Male) |
| 4:29 | Crear | Villager (Male) |
| 4:29 | Crear | Villager (Male) |
| 5:53 | Crear | Villager (Male) |
| 5:54 | Crear | Villager (Male) |
| 5:54 | Crear | Villager (Male) |
| 6:00 | Construir | Lumber Camp |
| 6:35 | Investigar | Loom |
| 7:06 | Investigar | Feudal Age |
| 8:09 | Construir | Barracks |
| 8:46 | Construir | House |
| 8:48 | Construir | Palisade Wall |
| 9:08 | Construir | Palisade Wall |
| 9:10 | Construir | Palisade Wall |
| 9:19 | Edad | Edad Feudal |
| 9:21 | Construir | Archery Range |
| 9:23 | Crear | Villager (Male) |
| 9:23 | Crear | Villager (Male) |
| 9:23 | Crear | Villager (Male) |
| 9:32 | Investigar | Double-Bit Axe |
| 9:39 | Construir | Palisade Wall |
| 9:41 | Crear | Villager (Male) |
| 9:51 | Crear | Villager (Male) |
| 10:03 | Crear | Villager (Male) |
| 10:03 | Crear | Villager (Male) |
| 10:10 | Construir | Mining Camp |
| 10:13 | Construir | Palisade Wall |
| 10:15 | Construir | Palisade Wall |
| 10:17 | Construir | Palisade Wall |
| 10:19 | Construir | Palisade Wall |
| 10:22 | Crear | Archer |
| 10:22 | Crear | Archer |
| 10:31 | Construir | Palisade Wall |
| 10:35 | Crear | Villager (Male) |
| 10:36 | Crear | Villager (Male) |
| 10:39 | Crear | Archer |
| 10:48 | Crear | Villager (Male) |
| 10:51 | Construir | House |
| 10:53 | Construir | Palisade Wall |
| 10:59 | Crear | Archer |
| 10:59 | Crear | Archer |
| 11:07 | Construir | House |
| 11:10 | Construir | House |
| 11:11 | Crear | Villager (Male) |
| 11:11 | Crear | Villager (Male) |
| 11:27 | Construir | Mill |
| 11:34 | Construir | Palisade Wall |
| 11:42 | Construir | House |
| 11:49 | Crear | Archer |
| 11:50 | Crear | Archer |
| 12:02 | Construir | House |
| 12:03 | Construir | House |
| 12:36 | Crear | Archer |
| 12:37 | Crear | Archer |
| 12:50 | Crear | Archer |
| 13:22 | Crear | Villager (Male) |
| 13:23 | Construir | Farm |
| 13:24 | Construir | Farm |
| 13:25 | Construir | Farm |
| 13:26 | Construir | Farm |
| 13:26 | Construir | Farm |
| 13:35 | Construir | Farm |
| 14:00 | Crear | Archer |
| 14:12 | Crear | Villager (Male) |
| 14:12 | Crear | Villager (Male) |
| 14:16 | Construir | House |
| 14:20 | Construir | Farm |
| 14:21 | Construir | Farm |
| 14:23 | Crear | Villager (Male) |
| 14:23 | Crear | Villager (Male) |
| 14:23 | Crear | Villager (Male) |
| 14:40 | Construir | Blacksmith |
| 14:43 | Crear | Villager (Male) |
| 14:43 | Crear | Villager (Male) |
| 14:58 | Construir | Farm |
| 15:08 | Crear | Archer |
| 15:11 | Crear | Archer |
| 15:27 | Investigar | Fletching |
| 15:27 | Investigar | Fletching |
| 15:28 | Crear | Archer |
| 15:33 | Construir | Farm |
| 15:34 | Construir | Farm |
| 15:45 | Investigar | Horse Collar |
| 15:45 | Investigar | Horse Collar |
| 15:46 | Crear | Villager (Male) |
| 16:00 | Crear | Villager (Male) |
| 16:15 | Construir | House |
| 16:16 | Construir | House |
| 16:20 | Crear | Villager (Male) |
| 16:21 | Crear | Villager (Male) |
| 16:43 | Construir | House |
| 16:47 | Construir | House |
| 17:15 | Construir | Palisade Wall |
| 17:30 | Construir | Lumber Camp |
| 17:41 | Construir | Palisade Wall |
| 17:59 | Investigar | Castle Age |
| 18:00 | Crear | Archer |
| 18:00 | Crear | Archer |
| 18:07 | Construir | House |
| 18:08 | Construir | House |
| 18:26 | Construir | Archery Range |
| 18:31 | Crear | Archer |
| 18:31 | Crear | Archer |
| 18:31 | Crear | Archer |
| 18:45 | Construir | Farm |
| 19:13 | Investigar | Padded Archer Armor |
| 19:13 | Crear | Archer |
| 19:14 | Crear | Archer |
| 19:20 | Construir | House |
| 19:23 | Crear | Archer |
| 19:23 | Crear | Archer |
| 19:37 | Crear | Archer ×4 |
| 19:52 | Crear | Archer |
| 19:52 | Crear | Archer |
| 20:39 | Edad | Edad de los Castillos |
| 20:43 | Investigar | Crossbowman (upgrade) |
| 20:47 | Investigar | Bodkin Arrow |
| 20:48 | Crear | Villager (Male) |
| 21:07 | Construir | Town Center |
| 21:11 | Investigar | Bow Saw |
| 21:12 | Crear | Villager (Male) |
| 21:21 | Construir | Town Center |
| 21:22 | Crear | Villager (Male) |
| 21:22 | Crear | Villager (Male) |
| 21:28 | Construir | House |
| 21:29 | Crear | Archer |
| 21:30 | Crear | Archer |
| 21:42 | Investigar | Heavy Plow |
Cronología de la partida
| 5:26 | CL | Inkisidor_ · first_building Barracks |
| 8:09 | Maverick_Taha · first_building Barracks |
| 8:48 | Maverick_Taha · wall_segment Palisade Wall x4 |
| 9:08 | Maverick_Taha · wall_segment Palisade Wall x1 |
| 9:10 | Maverick_Taha · wall_segment Palisade Wall x1 |
| 9:19 | Maverick_Taha · age_up feudal |
| 9:21 | Maverick_Taha · first_building Archery Range |
| 9:39 | Maverick_Taha · wall_segment Palisade Wall x10 |
| 9:43 | CL | Inkisidor_ · age_up feudal |
| 10:13 | Maverick_Taha · wall_segment Palisade Wall x1 |
| 10:15 | Maverick_Taha · wall_segment Palisade Wall x1 |
| 10:17 | Maverick_Taha · wall_segment Palisade Wall x1 |
| 10:19 | Maverick_Taha · wall_segment Palisade Wall x1 |
| 10:19 | CL | Inkisidor_ · first_building Archery Range |
| 10:31 | Maverick_Taha · wall_segment Palisade Wall x3 |
| 10:53 | Maverick_Taha · wall_segment Palisade Wall x1 |
| 11:34 | Maverick_Taha · wall_segment Palisade Wall x11 |
| 11:54 | CL | Inkisidor_ · wall_segment Palisade Wall x5 |
| 13:15 | CL | Inkisidor_ · wall_segment Palisade Wall x8 |
| 13:16 | CL | Inkisidor_ · wall_segment Palisade Wall x3 |
| 14:25 | CL | Inkisidor_ · wall_segment Palisade Wall x5 |
| 14:26 | CL | Inkisidor_ · wall_segment Palisade Wall x1 |
| 14:29 | CL | Inkisidor_ · wall_segment Palisade Wall x23 |
| 14:49 | CL | Inkisidor_ · wall_segment Palisade Wall x12 |
| 16:42 | CL | Inkisidor_ · wall_segment Palisade Wall x3 |
| 16:44 | CL | Inkisidor_ · wall_segment Palisade Wall x4 |
| 17:15 | Maverick_Taha · wall_segment Palisade Wall x1 |
| 17:15 | CL | Inkisidor_ · wall_segment Palisade Wall x6 |
| 17:41 | Maverick_Taha · wall_segment Palisade Wall x4 |
| 17:42 | CL | Inkisidor_ · wall_segment Palisade Wall x6 |
| 17:45 | CL | Inkisidor_ · wall_segment Palisade Wall x4 |
| 18:12 | CL | Inkisidor_ · wall_segment Palisade Wall x4 |
| 20:39 | Maverick_Taha · age_up castle |
| 21:15 | CL | Inkisidor_ · age_up castle |
| 22:27 | Maverick_Taha · first_building Monastery |
| 24:13 | Maverick_Taha · first_building Siege Workshop |
| 24:28 | CL | Inkisidor_ · first_building Siege Workshop |
| 29:32 | Maverick_Taha · wall_segment Palisade Wall x1 |
| 31:27 | Maverick_Taha · first_market_sell 100 food |
| 31:35 | CL | Inkisidor_ · first_building Monastery |
| 32:33 | Maverick_Taha · first_building Castle |
| 32:49 | CL | Inkisidor_ · first_market_sell 100 food |
| 33:22 | Maverick_Taha · first_market_buy 100 wood |
| 34:43 | Maverick_Taha · age_up imperial |
| 35:22 | CL | Inkisidor_ · first_building Castle |
| 36:10 | CL | Inkisidor_ · age_up imperial |
| 48:05 | CL | Inkisidor_ · first_market_buy 100 food |
| 52:11 | CL | Inkisidor_ · resign |
[ ANÁLISIS IA · 1 CRÉDITO ]
¿Qué pasó realmente en esta partida?
Wolo.gg analiza cada decisión: build order, eco, micro, errores típicos por bracket. Análisis personalizado por WhatsApp o Discord en 30 segundos.
Guía civ
Celtas
Perfil
Jugador #482758